 Dungeon Crawl Stone Soup version 0.22-a0-533-g4d20840 (webtiles) character file.

75 Mgcat the Chopper (level 4, 0/35 HPs)
             Began as a Formicid Monk on June 22, 2018.
             Was a Believer of Sif Muna.
             Slain by a worm (7 damage)
             ... on level 2 of the Dungeon.
             The game lasted 00:02:49 (1407 turns).

Mgcat the Chopper (Formicid Monk)                   Turns: 1407, Time: 00:02:49

Health: 0/35       AC:  3    Str: 17    XL:     4   Next: 55%
Magic:  4/4        EV: 18    Int:  9    God:    Sif Muna [**....]
Gold:   80         SH:  0    Dex: 18    Spells: 3/3 levels left

rFire    . . .     SeeInvis +   a - +0 hand axe
rCold    . . .     Gourm    .   (no shield)
rNeg     . . .     Faith    .   d - +0 leather armour
rPois    .         Spirit   .   (helmet unavailable)
rElec    .         Reflect  .   (no cloak)
rCorr    .         Harm     .   (no gloves)
MR       .....                  (no boots)
Stlth    +++.......             g - amulet of the acrobat
HPRegen  0.11/turn              (no ring)
MPRegen  0.09/turn              (no ring)

@: agile, lethally poisoned (0 -> -1), flying
A: permanent stasis, dig shafts and tunnels, four strong arms, antennae 3
a: Dig, Shaft Self, Divine Energy, Renounce Religion


You were on level 2 of the Dungeon.
You worshipped Sif Muna.
Sif Muna was pleased with you.
You were not hungry.

You visited 1 branch of the dungeon, and saw 2 of its levels.

You collected 80 gold pieces.

Inventory:

Hand Weapons
 a - a +0 hand axe (weapon)
Armour
 b - a +0 robe
 d - a +0 leather armour (worn)
   (You found it on level 1 of the Dungeon)
Jewellery
 g - an amulet of the acrobat (around neck)
   (You found it on level 1 of the Dungeon)
Comestibles
 c - 2 rations
 f - 3 chunks of flesh {@w0}


   Skills:
 - Level 3.2 Fighting
 + Level 5.0 Axes
 - Level 2.6 Dodging
 - Level 2.4 Stealth


You had 3 spell levels left.
You didn't know any spells.
Your spell library was empty.

Dungeon Overview and Level Annotations

Branches:
Dungeon (2/15)

Altars:
Sif Muna
The Shining One


Innate Abilities, Weirdness & Mutations

You cannot be hasted, slowed, berserked, paralysed or teleported.
You can dig through walls and to a lower floor.
Your four strong arms can wield two-handed weapons with a shield.
You have a pair of large antennae on your head. (SInv)


Message History

You are too injured to fight recklessly!
You are too injured to fight recklessly!
You hit the quokka but do no damage. The quokka bites you.
The quokka closely misses you.
You hit the quokka.
The quokka is heavily wounded.
The quokka bites you.
You miss the quokka.
The quokka is heavily wounded.
The quokka bites you but does no damage.
You slash the quokka!
You kill the quokka!
Sif Muna accepts your kill.
You see here a quokka corpse.
You butcher the quokka corpse.
f - 2 chunks of flesh {@w0} Key pressed, stopping explore.
You butcher the jackal corpse.
f - 4 chunks of flesh {@w0} (gained 2) Eating one of 4 chunks of flesh {@w0}.
You eat one of the 4 chunks of flesh {@w0}.
This raw flesh tastes terrible.
Key pressed, stopping explore.
Key pressed, stopping explore.
A kobold comes into view. It is wielding a dagger.
The kobold shouts!
You hear an angry hiss.
An adder comes into view.
You barely miss the kobold. The kobold closely misses you.
You miss the kobold. The kobold hits you but does no damage.
You closely miss the kobold. The kobold hits you but does no damage.
You miss the kobold. The kobold hits you with a dagger.
You hit the kobold.
You kill the kobold!
Sif Muna accepts your kill. The adder barely misses you.
You closely miss the adder. The adder bites you.
A worm comes into view.
You barely miss the adder. The adder completely misses you.
The adder bites you.
You are poisoned.
The adder poisons you!
You closely miss the adder.
You feel sick. The adder closely misses you.
You hit the adder.
The adder is lightly wounded.
You feel sick. The adder bites you.
You are too injured to fight recklessly!
You are too injured to fight recklessly!
You are too injured to fight recklessly!
You completely miss the adder.
The adder is lightly wounded.
The adder bites you but does no damage. x2
You hit the adder.
The adder is moderately wounded.
You feel sick. The adder barely misses you.
You barely miss the adder.
The adder is moderately wounded.
The adder closely misses you.
You hit the adder.
The adder is almost dead.
The adder bites you. x2
You miss the adder.
The adder is almost dead.
You feel sick. The adder barely misses you.
You hit the adder.
You kill the adder!
Sif Muna accepts your kill.
Your Axes skill increases to level 5!
The worm completely misses you.
Things that are here:
a dagger; an adder corpse You hit the worm.
The worm is lightly wounded.
You feel sick.
You hit the worm.
The worm is lightly wounded.
The worm barely misses you.
You barely miss the worm.
The worm is lightly wounded.
The worm bites you but does no damage.
You barely miss the worm.
The worm is lightly wounded.
You hit the worm.
The worm is lightly wounded.
You feel sick. The worm barely misses you.
You hit the worm.
The worm is moderately wounded.
The worm bites you!
* * * LOW HITPOINT WARNING * * *
It was a potion of haste.
Your stasis prevents you from being hasted.
It was a potion of agility.
You feel agile all of a sudden. The worm closely misses you.
It was a potion of flight.
You feel very buoyant.
You fly up into the air.
You feel sick.
You barely miss the worm.
The worm is lightly wounded.
The worm bites you!
You die...

#....# #....# #.... #...
#.. #.# ##### #.#.#
#...# #w#.# ##..# #@#.#
#..# #.#.# #..# #.#.#
#..# #.#.# #..# #.#.#
#..# #.#.# #..# #.#.#
#..####.#.#
#..##...#.##############


You could see a worm.

Vanquished Creatures
  3 adders (D:2)
  4 worms (D:2)
  A dart slug (D:1)
  A leopard gecko (D:2)
  A giant cockroach (D:2)
  3 goblins
  A hobgoblin (D:2)
  8 jackals
  4 kobolds
  A quokka (D:2)
  A ball python (D:2)
  2 bats
  A frilled lizard (D:2)
  5 rats
36 creatures vanquished.

Notes
Turn   | Place    | Note
-------+----------+-------------------------------------------
     0 | D:1      | Mgcat the Formicid Monk began the quest for the Orb.
     0 | D:1      | Reached XP level 1. HP: 18/18 MP: 1/1
   132 | D:1      | Reached XP level 2. HP: 18/24 MP: 2/2
   509 | D:2      | Reached skill level 4 in Axes
   509 | D:2      | Reached XP level 3. HP: 13/29 MP: 3/3
   668 | D:2      | Found a faded altar of an unknown god.
   710 | D:2      | Became a worshipper of Sif Muna the Loreminder
   710 | D:2      | Reached * piety under Sif Muna
   710 | D:2      | Reached ** piety under Sif Muna
   788 | D:2      | Found a glowing golden altar of the Shining One.
  1008 | D:2      | Reached XP level 4. HP: 25/35 MP: 4/4
  1396 | D:2      | Reached skill level 5 in Axes
  1403 | D:2      | HP: 8/35 [worm (10)]
  1407 | D:2      | Slain by a worm

Vault maps used:
D:1:      dpeg_arrival_tiny_f
D:2:      first_ration, chequers_ecumenical_altar_island, tso_metal_star

Skill      XL: |  1  2  3  4 |
---------------+-------------+-----
Axes           | 4 5 |  5.0
Fighting       | |  3.2
Dodging        | |  2.6
Stealth        | |  2.4

Action                   |  1- 3 |  4- 6 || total
-------------------------+-------+-------++-------
Melee: Hand axe          |    85 |    59 ||   144
  Use: Scroll            |     2 |       ||     2
       Potion            |       |     3 ||     3
 Stab: Sleeping          |     5 |       ||     5
  Eat: Chunk             |       |     2 ||     2
Armor: Leather armour    |    17 |    13 ||    30
       Robe              |     1 |       ||     1
Dodge: Dodged            |    50 |    31 ||    81

Table legend:
 A = Spawn XP
 B = Non-spawn XP
 C = Spawn XP percentage of total XP
 D = Spawn monster count
 E = Non-spawn monster count
 F = Spawn count percentage of total count
 G = Total turns spent on level
                    A         B        C        D         E        F      G
               +---------+---------+-------+---------+---------+-------+---------
         Total |       0 |     108 |   0.0 |       0 |      36 |   0.0 |  1407
               +---------+---------+-------+---------+---------+-------+---------
           D:1 |       0 |      25 |   0.0 |       0 |      14 |   0.0 |   490
           D:2 |       0 |      83 |   0.0 |       0 |      22 |   0.0 |   917
               +---------+---------+-------+---------+---------+-------+---------

Vault maps used:
D:1:      dpeg_arrival_tiny_f
D:2:      first_ration, chequers_ecumenical_altar_island, tso_metal_star

Table legend:
 A = Turns spent in this place as a percentage of turns spent in the entire game.
 B = Non-inter-level travel turns spent in this place as a percentage of non-inter-level travel turns spent in the entire game.
 C = Inter-level travel turns spent in this place as a percentage of turns spent in this place.
 D = Turns resting spent in this place as a percentage of non-inter-level travel turns spent in this place.
 E = Turns spent auto-exploring this place as a percentage of non-inter-level travel turns spent in this place.
 F = Non-inter-level travel turns spent in this place divided by the number of levels of this place that you've seen.
                   A       B       C       D       E      F
               +-------+-------+-------+-------+-------+----------------------
         Total | 100.0 | 100.0 |   2.0 |   0.0 |  76.9 | 689.5
       Dungeon | 100.0 | 100.0 |   2.0 |   0.0 |  76.9 | 689.5
               +-------+-------+-------+-------+-------+----------------------

Table legend:
 A = Kills in this place as a percentage of kills in entire the game.
 B = Kills by you in this place as a percentage of kills by you in the entire game.
 C = Kills by friends in this place as a percentage of kills by friends in the entire game.
 D = Other kills in this place as a percentage of other kills in the entire game.
 E = Experience gained in this place as a percentage of experience gained in the entire game.
 F = Experience gained in this place divided by the number of levels of this place that you have seen.
                   A       B       C       D       E      F
               +-------+-------+-------+-------+-------+----------------------
         Total | 100.0 | 100.0 |   N/A |   N/A | 100.0 |  54.0
       Dungeon | 100.0 | 100.0 |   N/A |   N/A | 100.0 |  54.0
               +-------+-------+-------+-------+-------+----------------------
